 Dungeon Crawl Stone Soup version 0.22-a0-558-gc224181 (webtiles) character file.

63 nikopol the Firebug (level 3, -2/19 HPs)
             Began as a Deep Elf Fire Elementalist on June 27, 2018.
             Slain by an orc wizard
             ... wielding a +0 dagger
              (3 damage)
             ... on level 2 of the Dungeon.
             The game lasted 00:03:11 (1524 turns).

nikopol the Firebug (Deep Elf Fire Elementalist)    Turns: 1524, Time: 00:03:12

Health: -2/19      AC:  3    Str:  5    XL:     3   Next: 87%
Magic:  6/10       EV: 13    Int: 20    God:
Gold:   156        SH:  0    Dex: 15    Spells: 8/9 levels left

rFire    . . .     SeeInvis .   (no weapon)
rCold    . . .     Gourm    .   (no shield)
rNeg     . . .     Faith    .   a - +0 robe
rPois    .         Spirit   .   (no helmet)
rElec    .         Reflect  .   (no cloak)
rCorr    .         Harm     .   k - +0 pair of gloves
MR       .....                  (no boots)
Stlth    ++........             (no amulet)
HPRegen  0.06/turn              (no ring)
MPRegen  0.12/turn              (no ring)

@: no status effects
A: no striking features
a: no special abilities


You were on level 2 of the Dungeon.
You were not hungry.

You visited 1 branch of the dungeon, and saw 3 of its levels.

You collected 156 gold pieces.

Inventory:

Armour
 a - a +0 robe (worn)
 k - a +0 pair of gloves (worn)
Scrolls
 b - 2 scrolls of teleportation {unknown}
 d - a scroll of fog {unknown}
 f - a scroll of identify {unknown}
 g - a scroll of noise {unknown}
 h - 2 scrolls of enchant weapon {unknown}
 i - a scroll of magic mapping {unknown}
 l - a scroll of fear {unknown}
 m - a scroll of enchant armour {unknown}
Potions
 e - 2 potions of agility {unknown}
Comestibles
 c - 2 rations
 j - a chunk of flesh


   Skills:
 + Level 2.5 Dodging
 + Level 2.7 Stealth
 + Level 3.7 Spellcasting
 + Level 1.9 Conjurations
 + Level 4.4 Fire Magic


You had 8 spell levels left.
You knew the following spells:

 Your Spells              Type           Power        Failure   Level  Hunger
a - Flame Tongue          Conj/Fire      ###..        3%          1    None

Your spell library contained the following spells:

 Spells                   Type           Power        Failure   Level  Hunger
 Fireball                 Conj/Fire      ###.......   69%         5    ######.
 Conjure Flame            Conj/Fire      ###.....     11%         3    ###....
 Throw Flame              Conj/Fire      ###...       5%          2    ##.....
 Sticky Flame             Conj/Fire      ###.....     34%         4    ####...
 Inner Flame              Hex/Fire       ##......     16%         3    ###....


Dungeon Overview and Level Annotations

Branches:
Dungeon (3/15)

Altars:
Sif Muna


Message History

The flame tongue misses the orc wizard.
The orc wizard hits you with a dagger.
Casting: Flame Tongue (safe; 3% risk of failure)
Confirm with . or Enter, or press ? or * to list all spells.
Aiming: Flame Tongue (safe; 3% risk of failure)
Press: ? - help, Shift-Dir - straight line, f/p - orc wizard
Aim: an orc wizard, wielding a dagger and wearing a robe The flame tongue hits the orc wizard.
The orc wizard is heavily wounded.
The orc closely misses you. The orc wizard closely misses you.
Casting: Flame Tongue (safe; 3% risk of failure)
Confirm with . or Enter, or press ? or * to list all spells.
Aiming: Flame Tongue (safe; 3% risk of failure)
Press: ? - help, Shift-Dir - straight line, f/p - orc wizard
Aim: an orc wizard, wielding a dagger and wearing a robe (heavily wounded)
The flame tongue hits the orc wizard.
The orc wizard is severely wounded.
The orc hits you with a hand axe!
* * * LOW HITPOINT WARNING * * *
The orc wizard hits you with a dagger.
You die...

#...###.###.##...........#
###)###.# #.##.#..######.#
#.....# ##.#.#.## #.#
###.###### ##..).# #.#
.....###.#####.#.### #.#
..###..........#...#####.#
##.#.###.#######.........#
##.## #.#######.o.#######
#.####.)......@o##
#..............##
################


You could see an orc wizard and an orc.

Vanquished Creatures
  2 adders (D:2)
  2 worms (D:2)
  A dart slug (D:1)
  5 bats
  2 giant cockroaches
  7 goblins
  4 hobgoblins (D:2)
  9 kobolds
  A frilled lizard (D:2)
  3 rats (D:1)
36 creatures vanquished.

Notes
Turn   | Place    | Note
-------+----------+-------------------------------------------
     0 | D:1      | nikopol the Deep Elf Fire Elementalist began the quest for the Orb.
     0 | D:1      | Reached XP level 1. HP: 10/10 MP: 6/6
    60 | D:1      | Reached XP level 2. HP: 15/15 MP: 1/8
   694 | D:2      | Reached skill level 4 in Fire Magic
   704 | D:2      | Reached XP level 3. HP: 19/19 MP: 5/10
   727 | D:2      | Found a deep blue altar of Sif Muna.
  1524 | D:2      | Slain by an orc wizard

Vault maps used:
D:1:      shiori_arrival_elements
D:2:      lemuel_upstairs_altar, nicolae_overflow_crystal_walls
D:3:      lemuel_coloured_pillars_altar, first_ration, serial_park_tiny_pond,
          uniq_natasha

Skill      XL: |  1  2 |
---------------+-------+-----
Fire Magic     | 4 |  4.4
Dodging        | |  2.5
Stealth        | |  2.7
Spellcasting   | |  3.7
Conjurations   | |  1.9

Action                   || total
-------------------------++-------
Melee: Unarmed           ||     1
 Cast: Flame Tongue      ||    66
  Eat: Chunk             ||     2
Armor: Robe              ||     2
Dodge: Dodged            ||    16

Table legend:
 A = Spawn XP
 B = Non-spawn XP
 C = Spawn XP percentage of total XP
 D = Spawn monster count
 E = Non-spawn monster count
 F = Spawn count percentage of total count
 G = Total turns spent on level
                    A         B        C        D         E        F      G
               +---------+---------+-------+---------+---------+-------+---------
         Total |       0 |      90 |   0.0 |       0 |      36 |   0.0 |  1524
               +---------+---------+-------+---------+---------+-------+---------
           D:1 |       0 |      28 |   0.0 |       0 |      17 |   0.0 |   669
           D:2 |       0 |      62 |   0.0 |       0 |      19 |   0.0 |   853
               +---------+---------+-------+---------+---------+-------+---------
